 Dungeon Crawl Stone Soup version 0.13-a0-2995-g9a84c3d (webtiles) character file.

457 Misa the Covered (level 6, 0/48 HPs)
             Began as a Djinni Fighter on Sept 8, 2013.
             Slain by Eustachio
             ... wielding a +5,+2 sabre of protection
              (2 damage)
             ... on Level 4 of the Dungeon.
             The game lasted 00:09:34 (2875 turns).

Misa the Covered (Djinni Fighter)                   Turns: 2875, Time: 00:09:34

HP   0/48        AC  7     Str 16      XL: 6   Next:  9%
MP   0/0         EV  6     Int  8      God:
Gold 168         SH 20     Dex 19      Spells:  0 memorised,  5 levels left

Res.Fire  : + + +   See Invis. : .   a - +0,+1 mace
Res.Cold  : x . .   Warding    : .   b - +0 scale mail
Life Prot.: + + +   Conserve   : .   c - +0 shield
Res.Poison: .       Res.Corr.  : .   (no helmet)
Res.Elec. : .       Clarity    : .   (no cloak)
Sust.Abil.: + .     Spirit.Shd : .   (no gloves)
Res.Mut.  : .       Stasis     : .   (boots unavailable)
Res.Rott. : .       Flight     : .   (no amulet)
Saprovore : . . .                    k - +4 ring of dexterity
                                     f - ring of sustain abilities

@: slightly resistant to hostile enchantments, extremely unstealthy
A: fire immunity, cold vulnerability, life protection 3
a: no special abilities


You were on level 4 of the Dungeon.
You were not hungry.

You visited 1 branch of the dungeon, and saw 4 of its levels.

You collected 148 gold pieces.

Inventory:

Hand weapons
 a - a +0,+1 mace (weapon)
Armour
 b - a +0 scale mail (worn)
 c - a +0 shield (worn)
Scrolls
 d - 3 scrolls of curse jewellery {unknown}
 g - a scroll of teleportation {unknown}
 h - a scroll of enchant weapon I {unknown}
 i - a scroll of magic mapping {unknown}
 j - 2 scrolls of fog {unknown}
 m - a scroll of random uselessness {unknown}
 n - a scroll of enchant armour {unknown}
Jewellery
 f - a ring of sustain abilities (left hand)
 k - a +4 ring of dexterity (right hand)
 l - an uncursed ring of fire


   Skills:
 + Level 3.7 Fighting
 + Level 3.5 Maces & Flails
 + Level 4.6 Armour
 + Level 4.4 Shields


You had 5 spell levels left.
You didn't know any spells.

Dungeon Overview and Level Annotations

Branches:
Dungeon (4/27)
 Temple: D:4-7

Altars:
Trog

Annotations:
D:4 Eustachio


Innate Abilities, Weirdness & Mutations

You are immune to all types of fire, even holy and hellish.
You are vulnerable to cold.
You need no food.
You have no legs.
You are immune to negative energy.


Message History

You block Eustachio's attack.
The shadow imp hits you but does no damage.
You hit Eustachio but do no damage.
Eustachio is heavily wounded.
You block the quokka's attack.
The shadow imp hits you but does no damage.
Eustachio hits you with a glowing sabre.
* * * LOW HITPOINT WARNING * * *
The quokka barely misses you.
Unknown command.
You hit Eustachio.
Eustachio is heavily wounded.
You block the shadow imp's attack. Eustachio closely misses you.
The quokka bites you but does no damage.
Unknown command.
You closely miss Eustachio.
Eustachio is heavily wounded.
The shadow imp closely misses you.
Eustachio hits you with a glowing sabre.
You die...

...........## #......#
..o.......## #......#
.........## ##.....#
........########## #......#
.......###.......# #......#
...#.......##.##.# ......#
...#.##.##.#...#.# .....#
...#.#...#.....@5# ..#
...#.%.........#@#
..##.#........##r##
...#.##)..##......# ..
#......##...##.#
##.##(.......#.# .
#.#...........#######.....
..........#...#..%..........
....#...#.##.##.............
.....##.##..................


You could see Eustachio, a shadow imp and a quokka.

Vanquished Creatures
  Duvessa (D:4)
  Dowan (D:4)
  A worker ant (D:3)
  9 adders
  A shadow imp (D:4)
  2 ufetubi (D:4)
  2 grey rats (D:4)
  4 orcs
  4 giant cockroaches
  14 hobgoblins
  6 jackals
  7 kobolds
  2 quokkas
  2 ball pythons
  5 bats
  7 giant newts
  6 goblins
  12 rats
  2 rat skeletons (D:4)
88 creatures vanquished.

Notes
Turn   | Place    | Note
--------------------------------------------------------------
     0 | D:1      | Misa, the Djinni Fighter, began the quest for the Orb.
     0 | D:1      | Reached XP level 1. HP: 16/16 MP: 0/0
   203 | D:1      | Reached XP level 2. EP: 22/22
   930 | D:2      | Reached XP level 3. EP: 29/29
  1101 | D:2      | Noticed a moth of wrath
  1103 | D:2      | Found a bloodstained altar of Trog.
  1114 | D:2      | Reached XP level 4. EP: 35/35
  1174 | D:2      | Reached skill level 4 in Armour
  1910 | D:3      | Reached XP level 5. EP: 22/41
  2411 | D:4      | Noticed Duvessa
  2414 | D:4      | Noticed Dowan
  2432 | D:4      | Killed Duvessa
  2436 | D:4      | Killed Dowan
  2436 | D:4      | Reached XP level 6. EP: 9/48
  2747 | D:4      | Noticed Eustachio
  2748 | D:4      | Noticed an orc warrior
  2873 | D:4      | HP: 2/48 [Eustachio/glowing sabre (4)]
  2875 | D:4      | Slain by Eustachio

Action                   |  1- 3 |  4- 6 || total
-------------------------+-------+-------++-------
Melee: Mace              |   117 |   252 ||   369
  Use: Scroll            |     2 |     2 ||     4
       Potion            |       |     5 ||     5
